 Dungeon Crawl Stone Soup version 0.31-a0-692-gf03d1854d5 (webtiles) character file.

Game seed: 13811870584723930928

103 qw the Shooter (level 4, -2/28 HPs)
             Began as a Gargoyle Hunter on Sept 6, 2023.
             Slain by a gnoll
             ... wielding a +0 spear
              (7 damage)
             ... on level 2 of the Dungeon.
             The game lasted 00:00:27 (1265 turns).

qw the Shooter (Gargoyle Hunter)                    Turns: 1265, Time: 00:00:27

Health: -2/28      AC:  6    Str: 14    XL:     4   Next: 79%
Magic:  4/4        EV: 11    Int: 10    God:
Gold:   87         SH:  0    Dex: 15    Spells: 3/3 levels left

rFire   . . .        Y - +3 shortbow
rCold   . . .        (shield currently unavailable)
rNeg    + . .        c - +0 leather armour
rPois   inf          (no helmet)
rElec   +            (no cloak)
rCorr   .            (no gloves)
SInv    .            (no boots)
Will    .....        (no amulet)
Stlth   ++           (no ring)
HPRegen 0.24/turn    (no ring)
MPRegen 0.09/turn

%: no passive effects
@: no status effects
A: sickness immunity, AC +3, negative energy resistance 1, electricity
resistance, torment resistance 1, petrification resistance
a: no special abilities


You were on level 2 of the Dungeon.
You visited 1 branch of the dungeon, and saw 2 of its levels.

You collected 87 gold pieces.


Innate Abilities, Weirdness & Mutations

You are immune to sickness and miasma.
Your stone body is resilient. (AC +3)
You are immune to poison.
You resist negative energy. (rN+)
You are resistant to electric shocks. (rElec)
You are resistant to unholy torment.
You are immune to petrification.


   Skills:
 - Level 3.1 Fighting
 + Level 5.6 Ranged Weapons
 - Level 1.5 Dodging
 - Level 1.1 Stealth


You had 3 spell levels left.
You didn't know any spells.
Your spell library was empty.

Inventory:

Hand Weapons
 Y - a +3 shortbow (weapon)
Armour
 a - a +0 pair of boots
 c - a +0 leather armour (worn)
 d - a +0 pair of gloves
Scrolls
 b - a scroll of poison {unknown}
Potions
 e - a potion of haste {unknown}
 f - a potion of degeneration {unknown}

Dungeon Overview and Level Annotations

Branches:
Dungeon (2/15)

Altars:


Message History

You shoot an arrow. The arrow hits the gnoll!
You kill the gnoll!
A gnoll comes into view. It is wielding a +0 club.
You shoot an arrow. The arrow hits the gnoll.
The gnoll is lightly wounded.
The gnoll hits you from afar with a +0 halberd! x2
1255 ||| DRINKING potion of heal wounds.
You feel much better.
The gnoll hits you from afar with a +0 halberd!
You shoot an arrow. The arrow hits the gnoll!
The gnoll is almost dead.
A gnoll comes into view. It is wielding a +0 spear.
The gnoll hits you from afar with a +0 halberd!
Enter note:
1257 |||
Found retreat position at 0,1 (floor) with 0 blocking monsters and 2 monsters attacking at destination at distance 1
Enter note:
1257 ||| Stepping ~*~*~tactically~*~*~ (retreating).
You shoot an arrow. The arrow hits the gnoll.
You kill the gnoll!
1259 ||| FLEEEEING.
1260 ||| FLEEEEING.
You shoot an arrow. The arrow hits the gnoll.
The gnoll is moderately wounded.
You shoot an arrow. The arrow hits the gnoll.
The gnoll is moderately wounded.
The gnoll misses you.
You shoot an arrow. The arrow hits the gnoll.
The gnoll is severely wounded.
The gnoll misses you. The gnoll barely misses you.
You shoot an arrow. The arrow closely misses the gnoll.
The arrow hits the gnoll.
The gnoll is moderately wounded.
The gnoll closely misses you.
The gnoll hits you from afar with a +0 spear.
You shoot an arrow. The arrow closely misses the gnoll.
The arrow hits the gnoll!
The gnoll is almost dead.
The gnoll closely misses you.
The gnoll hits you from afar with a +0 spear!
You die...

###.##### ...gg().# #.# #g# ..
#g# .. #@#####.# #. .) #..
#.).....###. .# #.#
#.#####.....#### .# #.# #.#####.#
#....### .# ##.######r......#
#..#.#.. .#
...........####.###....... )##
##.#.#.####..####......#....
..####.##.##.###.<##.............
...##......<.........###....#.<..


You could see 2 gnolls and a rat.

Vanquished Creatures
  6 gnolls (D:2)
  An adder (D:2)
  4 bats (D:1)
  3 endoplasms (D:1)
  5 giant cockroaches
  5 goblins
  A hobgoblin (D:2)
  3 kobolds
  3 ball pythons
  5 rats (D:1)
36 creatures vanquished.

Notes
Turn   | Place    | Note
-------+----------+-------------------------------------------
     0 | D:1      | qw the Gargoyle Hunter began the quest for the Orb.
     0 | D:1      | Reached XP level 1. HP: 12/12 MP: 1/1
     0 | D:1      | 0 ||| qw: Version: 0.3-a-76-g4403597
     0 | D:1      | 0 ||| qw: Game counter: 58
     0 | D:1      | 0 ||| qw: Melee chars always use a shield: true
     0 | D:1      | 0 ||| qw: God list: Okawaru
     0 | D:1      | 0 ||| qw: Allow faded altars: false
     0 | D:1      | 0 ||| qw: Do Orc after clearing Dungeon:15 true
     0 | D:1      | 0 ||| qw: Do second Lair branch before Depths: true
     0 | D:1      | 0 ||| qw: Lair rune preference: random
     0 | D:1      | 0 ||| qw: Goals: Normal
     0 | D:1      | 0 ||| PLANNING D:1-11
   108 | D:1      | Reached XP level 2. HP: 17/17 MP: 2/2
   610 | D:1      | Reached XP level 3. HP: 21/21 MP: 3/3
   942 | D:1      | 942 ||| READING 3 scrolls labelled TOISCH XEMORU.
   943 | D:1      | 943 ||| READING 2 scrolls of enchant weapon.
   943 | D:1      | 943 ||| ENCHANTING +1 shortbow.
   944 | D:1      | 944 ||| READING scroll of enchant weapon.
   944 | D:1      | 944 ||| ENCHANTING +2 shortbow.
   945 | D:1      | 945 ||| READING scroll labelled ZOMMEO IMECU.
   946 | D:1      | 946 ||| READING scroll labelled AGGASAUSEAKH.
   947 | D:1      | 947 ||| READING scroll labelled HUREISK INEWNU.
   948 | D:1      | 948 ||| DRINKING 2 black potions.
   949 | D:1      | 949 ||| DROPPING scroll of butterflies.
  1019 | D:2      | Reached skill level 5 in Ranged Weapons
  1127 | D:2      | 1127 ||| Stepping ~*~*~tactically~*~*~ (outnumbered).
  1129 | D:2      | 1129 ||| Stepping ~*~*~tactically~*~*~ (outnumbered).
  1131 | D:2      | 1131 ||| Stepping ~*~*~tactically~*~*~ (outnumbered).
  1133 | D:2      | 1133 ||| RETREATING.
  1139 | D:2      | Reached skill level 3 in Fighting
  1144 | D:2      | Reached XP level 4. HP: 10/28 MP: 4/4
  1254 | D:2      | HP: 7/28 [gnoll/+0 halberd (10)]
  1255 | D:2      | 1255 ||| DRINKING potion of heal wounds.
  1257 | D:2      | 1257 ||| Stepping ~*~*~tactically~*~*~ (retreating).
  1259 | D:2      | 1259 ||| FLEEEEING.
  1260 | D:2      | 1260 ||| FLEEEEING.
  1264 | D:2      | HP: 5/28 [gnoll/+0 spear (5)]
  1265 | D:2      | Slain by a gnoll

Levels and vault maps discovered:
D:1:      psy_arrival_conway, layout_basic, minmay_misc_feat_four_crosses,
          hangedman_decor_clover_reticule
D:2:      layout_loops_ring, roderic_nine_men_s_morris, minmay_liquid_box

Skill      XL: |  1  2  3 |
---------------+----------+-----
Ranged Weapons | 5 |  5.6
Fighting       | 3 |  3.1
Dodging        | |  1.5
Stealth        | |  1.1

Action                     |  1- 3 |  4- 6 || total
---------------------------+-------+-------++-------
   Fire: Shortbow          |    77 |    14 ||    91
    Use: Scroll            |     6 |       ||     6
         Potion            |     1 |     1 ||     2
 Armour: Leather armour    |    25 |     6 ||    31
  Dodge: Dodged            |    22 |     6 ||    28

Table legend:
 A = Non-vault XP
 B = Vault XP
 C = Vault XP percentage of total XP
 D = Non-vault monster count
 E = Vault monster count
 F = Vault count percentage of total count
                 A         B        C        D         E       F
            +---------+---------+-------+---------+---------+-------
      Total |     148 |       0 |   0.0 |      36 |       0 |   0.0
            +---------+---------+-------+---------+---------+-------
        D:1 |      37 |       0 |   0.0 |      22 |       0 |   0.0
        D:2 |     111 |       0 |   0.0 |      14 |       0 |   0.0
            +---------+---------+-------+---------+---------+-------
